AoeStats
← TigerGecko

Coastal Forest

503732633Analyzed
4v4 RM · 29d ago on Sep 2, 2026· 17m 18s· 8 players
Game mode
Random Map
Map size
Large (8 player)
Population
200
Speed
Normal
Resources
Standard
Victory
Conquest
Starting age
Dark Age
Ending age
Imperial Age
RankedLock teamsTeams togetherTeam positionsShared explorationLock speedFull tech treeHidden civsTurbo modeCheats
Victory
Defeat
🇺🇸 Romans · United States
1440
+14
🇦🇷 Inca · Argentina
1440
+14
🇦🇷 Chinese · Argentina
1429
+14
🇺🇸 Cumans · United States
1309
+20
🇨🇳 Portuguese · China
1417
-17
🇩🇪 Khitans · Germany
1404
-16
🇨🇳 Britons · China
1400
-16
🇨🇴 Mapuche · Colombia
1348
-13
wuming
6:44 Loom
8:43 Feudal Age
9:25 Double-Bit Axe
13:11 Wheelbarrow
TigerGecko
8:09 Loom
10:23 Feudal Age
14:51 Castle Age
12:55 Double-Bit Axe
13:43 Domestication
15:50 Bow Saw
jomanuel28
8:08 Loom
10:02 Feudal Age
17:16 Castle Age
17:54 Forging
TenthCandy6011
4:38 Loom
10:57 Feudal Age
11:47 Double-Bit Axe
14:34 Fletching
Chase_The_Dragon
6:21 Loom
9:34 Feudal Age
9:45 Man-at-Arms
11:06 Scale Mail Armor
11:37 Forging
13:18 Horse Collar
16:01 Town Watch
17:25 Double-Bit Axe
frivolous spender
9:21 Feudal Age
11:56 Bloodlines
12:53 Forging
13:40 Scale Barding Armor
17:15 Double-Bit Axe
Jogadinha do Paqueta
9:51 Feudal Age
10:32 Double-Bit Axe
12:12 Forging
13:50 Bloodlines
14:37 Loom
15:39 Scale Barding Armor
15:59 Horse Collar
jAvi
1:02 Loom
9:10 Feudal Age
10:39 Champi Runner
11:43 Horse Collar
11:48 Double-Bit Axe
11:46 Horse Collar
12:34 Arson
14:50 Scale Mail Armor
18:18 Wheelbarrow
Connection lost

Rejoining the realm…

Still unreachable

The connection could not be restored.

Session expired

The server has moved on; the page needs a fresh start.